 Dungeon Crawl Stone Soup version 0.32-a0-886-g41c5271027 (webtiles) character file.

Game seed: 4390166633220755675

1480 ezpacito the Chopper (level 8, -11/54 (62) HPs)
             Began as a Coglin Chaos Knight on Apr 2, 2024.
             Was a Plaything of Xom.
             Engulfed by a cloud of flame (20 damage)
             ... on level 6 of the Dungeon.
             The game lasted 00:07:09 (4855 turns).

ezpacito the Chopper (Coglin Chaos Knight)          Turns: 4855, Time: 00:07:09

HP:   -11/54 (62)   AC: 12    Str: 14    XL:     8   Next: 79%
MP:   11/11         EV: 10    Int: 15    God:    Xom [...*..]
Gold: 90            SH:  0    Dex: 23    Spells: 7/11 levels left

rFire   . . .        a - +0 hand axe (chaos) {Santos}
rCold   . . .        u - +0 spear {Sukanya}
rNeg    . . .        C - +3 scale mail "Vallimel" {Harm *Corrode rElec Dex+8}
rPois   .            w - +1 helmet
rElec   +            (no cloak)
rCorr   .            (no gloves)
SInv    .            (no boots)
Will    .....        (amulet unavailable)
Stlth   ++           (ring unavailable)
HPRegen 0.29/turn    (ring unavailable)
MPRegen 0.12/turn    (no gizmo)

%: corrode self (3%), harm (+30% outgoing, +20% incoming)
@: about to teleport, weak-willed, heavily drained
A: off-hand wielding, slow wielding, warmup strikes, no jewellery, thin skeletal
structure 1, clever 1, MP-powered wands
a: Invent Gizmo, Renounce Religion


You were on level 6 of the Dungeon.
You worshipped Xom.
You were a favourite toy of Xom.
You visited 1 branch of the dungeon, and saw 6 of its levels.

You collected 333 gold pieces.
You spent 243 gold pieces at shops.

Inventory:

Hand Weapons
 a - a +0 hand axe of chaos (weapon) {Santos}
 u - a +0 spear (offhand) {Sukanya}
Missiles
 k - 7 poisoned darts (quivered)
 A - 2 silver javelins
Armour
 w - a +1 helmet (worn)
 C - the +3 scale mail "Vallimel" (worn) {Harm *Corrode rElec Dex+8}
   (You bought it in a shop on level 1 of the Dungeon)

   Dex+8:     It affects your dexterity (+8).
   rElec:     It insulates you from electricity.
   *Corrode:  It may corrode you when you take damage.
   Harm:      It increases damage dealt and taken.
Magical Staves
 q - a staff of death
Wands
 e - a wand of flame (20)
 i - a wand of roots (11)
 y - a wand of charming (8)
Scrolls
 g - a scroll of brand weapon {unknown}
 m - a scroll of revelation
 B - a scroll of blinking
Potions
 b - a potion of ambrosia {unknown}
 d - a potion of attraction {unknown}
 h - a potion of enlightenment
 j - a potion of mutation
 n - a potion of lignification {unknown}


   Skills:
 * Level 5.1 Fighting
 * Level 5.3(5.9) Axes
 * Level 3.4(4.6) Polearms
 * Level 4.1 Armour
 * Level 3.7 Dodging
 + Level 2.3 Stealth
 + Level 2.1 Spellcasting
 + Level 0.8 Necromancy
 + Level 2.6 Evocations


You had 7 spell levels left.
You knew the following spells:

 Your Spells              Type           Power      Damage    Failure   Level
a - Dispel Undead         Necr           4%         3d7       99%         4

Your spell library contained the following spells:

 Spells                   Type           Power      Damage    Failure   Level
 Kiss of Death            Conj/Necr      8%         2d6       58%         1
 Confusing Touch          Hex            1%         N/A       95%         3


Dungeon Overview and Level Annotations

Branches:
Dungeon (6/15)             Temple (0/1) D:6

Altars:
Xom
Zin

Shops:
D:1 [

Annotations:
D:5 3 runed translucent doors, Arkalis's ghost, amateur DsFi
D:6 Edmund


Innate Abilities, Weirdness & Mutations

You can wield a second weapon in your off-hand.
It takes a long time for you to wield or remove held weapons.
Your first few attacks do less damage.
You cannot equip rings or amulets.
You have a somewhat thin skeletal structure. (Dex +2, Stealth+)
Your mind is acute. (Int +4, Str/Dex -1)
You expend magic power (3 MP) to strengthen your wands.


Message History

Your butterfly disappears in a burst of colours!
Your butterfly explodes!
The fiery explosion engulfs your butterfly!!
You kill your butterfly!
Your butterfly disappears in a burst of colours!
Your butterfly is poisoned.
Your butterfly is engulfed in poison gas.
Your butterfly is poisoned.
Your butterfly disappears in a burst of colours!
Your butterfly explodes!
The fiery explosion engulfs your butterfly!!
You kill your butterfly!
Your butterfly disappears in a burst of colours!
The fiery explosion engulfs your butterfly!!
You kill your butterfly!
Your butterfly disappears in a burst of colours!
The fiery explosion engulfs the troll!!
The troll is almost dead.
You take 21 damage, and have 33/54 hp.
MASSIVE DAMAGE!!
As you read the scroll labelled SITUWI JIGUH, it crumbles to dust.
It is a scroll of amnesia.
Okay, then.
You are engulfed in blazing flames.
* * * LOW HITPOINT WARNING * * *
Your butterfly disappears in a burst of colours!
Your butterfly explodes!
The fiery explosion engulfs your butterfly!!
You kill your butterfly!
Your butterfly disappears in a burst of colours!
Your butterfly is engulfed in blazing flames.
You kill your butterfly!
Your butterfly disappears in a burst of colours!
Your butterfly is engulfed in blazing flames.
You kill your butterfly!
Your butterfly disappears in a burst of colours!
You take 24 damage, and have 9/54 hp.
MASSIVE DAMAGE!!
This is a scroll of acquirement!
Something appears at your feet!
You are engulfed in blazing flames.
You die...
Xom guffaws!

,*****,,* *,,,,,,,,,**,***
,*,,,**,*#########...##.**,#*,*
**,<,**,*##########.###.##.##.#
*,,,,*,,*##########.###.......#
*,,,*****##########.#####.b.###
,,,,* ######§§§..####Tbb.b##
,,,*** ######§§######..bbb..#*
,*,*,***#######§§§####§T..bb...**
,,,**,,,.§§§§§§§@§§§§§§§..bb...',
,,,,****#######§§§####§§.bb.bb.**
*,,,** ######§§######..bbbb.#*
*,,,,* #####§§########...b.##
**,>,* #####§#........#...###
*,,,* #####§#.######.##+####
***** #####§#.######.##.#### *,,*
#####§#.######.##.####** **++****
#.................,,


You could see a troll (weak-willed).

Vanquished Creatures
  Grinder (D:4)
  Sigmund (D:6)
  2 ice beasts (D:5)
  A black bear (D:3)
  An ogre (D:5)
  2 scorpions (D:5)
  2 hounds (D:4)
  A sleepcap (D:5)
  4 jellies
  Jessica (D:3)
  Ijyb (D:4)
  Natasha (thrice) (D:2)
  2 iguanas (D:5)
  4 adders
  A shadow imp (D:5)
  4 ufetubi
  2 ribbon worms
  2 dart slugs
  4 orcs
  8 endoplasms
  3 giant cockroaches
  10 goblins
  10 hobgoblins
  10 jackals
  4 quokkas
  11 ball pythons
  5 bats
  2 frilled lizards (D:1)
  4 kobolds
  2 rats
108 creatures vanquished.

Vanquished Creatures (collateral kills)
  An ogre (D:5)
  An iguana (D:4)
  An endoplasm (D:2)
3 creatures vanquished.

Grand Total: 111 creatures vanquished

Notes
Turn   | Place    | Note
-------+----------+-------------------------------------------
     0 | D:1      | ezpacito the Coglin Chaos Knight began the quest for the
                  | Orb.
     0 | D:1      | Reached XP level 1. HP: 18/18 MP: 1/1
    41 | D:1      | Reached skill level 1 in Dodging
   118 | D:1      | XOM: potion effect (haste)
   122 | D:1      | Reached XP level 2. HP: 24/24 MP: 2/2
   224 | D:1      | Found a faded altar of an unknown god.
   318 | D:1      | Found Haoguenifa's Antique Armour Emporium.
   411 | D:1      | Reached XP level 3. HP: 21/29 MP: 3/3
   762 | D:2      | XOM: give mutations
   762 | D:2      | Gained mutation: Your mind is acute. (Int +4, Str/Dex -1)
                  | [Xom's mischief]
   762 | D:2      | Gained mutation: You are robust. (+10% HP) [Xom's mischief]
   863 | D:2      | Noticed Natasha
   866 | D:2      | XOM: cast spell 'Death Channel'
   869 | D:2      | Killed Natasha
   870 | D:2      | Reached XP level 4. HP: 26/38 MP: 4/4
   893 | D:2      | Noticed Natasha
   899 | D:2      | Killed Natasha
  1126 | D:2      | XOM: 3-stop teleportation journey
  1399 | D:2      | Noticed Natasha
  1401 | D:2      | XOM: enchant monster (bad)
  1408 | D:2      | Killed Natasha
  1409 | D:2      | Reached skill level 1 in Polearms
  1409 | D:2      | Reached XP level 5. HP: 23/45 MP: 6/6
  1869 | D:3      | Reached skill level 1 in Spellcasting
  1875 | D:3      | Found a glowing silver altar of Zin.
  1875 | D:3      | Noticed Jessica
  1875 | D:3      | XOM: 1-stop teleportation journey
  1877 | D:3      | Killed Jessica
  1878 | D:3      | Reached skill level 1 in Stealth
  2100 | D:3      | Noticed a black bear
  2110 | D:3      | Killed a black bear
  2111 | D:3      | Reached XP level 6. HP: 35/52 MP: 7/7
  2582 | D:3      | XOM: cloud trail
  2856 | D:4      | Noticed Ijyb
  2859 | D:4      | Killed Ijyb
  2863 | D:4      | Noticed Grinder
  2863 | D:4      | Paralysed by Grinder for 4 turns
  2866 | D:4      | XOM: enchant monster (good)
  2876 | D:4      | XOM: scenery: create altars
  2883 | D:4      | Killed Grinder
  2884 | D:4      | Reached skill level 1 in Evocations
  2884 | D:4      | Reached XP level 7. HP: 33/59 MP: 7/9
  3695 | D:1      | Bought an encrusted scale mail for 243 gold pieces
  3695 | D:1      | Identified the +3 scale mail "Vallimel" {Harm *Corrode
                  | rElec Dex+8} (You bought it in a shop on level 1 of the
                  | Dungeon)
  3802 | D:5      | Entered Level 5 of the Dungeon
  3872 | D:5      | Reached XP level 8. HP: 67/67 MP: 10/10
  3980 | D:5      | XOM: confusion (+ monsters)
  4088 | D:5      | Found a runed translucent gate.
  4089 | D:5      | Found a runed translucent gate.
  4089 | D:5      | Noticed Arkalis's ghost (amateur DsFi)
  4090 | D:5      | Found a runed translucent gate.
  4106 | D:5      | Reached skill level 5 in Axes
  4222 | D:5      | Learned a level 4 spell: Dispel Undead
  4370 | D:5      | XOM: potion effect (heal wounds)
  4387 | D:5      | Reached skill level 5 in Fighting
  4448 | D:5      | XOM: god gift: 2 silver javelins
  4609 | D:6      | Noticed Sigmund
  4617 | D:6      | Killed Sigmund
  4635 | D:6      | Noticed a troll
  4635 | D:6      | XOM: 5-stop teleportation journey
  4832 | D:6      | Noticed Edmund
  4845 | D:6      | Lost mutation: You are robust. (+10% HP) [potion of
                  | mutation]
  4845 | D:6      | Lost mutation: Your mind is acute. (Int +4, Str/Dex -1)
                  | [potion of mutation]
  4845 | D:6      | Gained mutation: You have a somewhat thin skeletal
                  | structure. (Dex +2, Stealth+) [potion of mutation]
  4845 | D:6      | Gained mutation: You expend magic power (3 MP) to
                  | strengthen your wands. [potion of mutation]
  4845 | D:6      | Gained mutation: Your mind is acute. (Int +4, Str/Dex -1)
                  | [potion of mutation]
  4855 | D:6      | Identified a scroll of acquirement
  4855 | D:6      | Acquired the +9 staff of Olgreb {rPois∞}
  4855 | D:6      | Found the +9 staff of Olgreb {rPois∞}
  4855 | D:6      | Engulfed by a cloud of flame

Illustrated notes

Levels and vault maps discovered:
D:1:      minmay_arrival_wavy_path, layout_rooms,
          dreamdust_ecumenical_altar_grove, serial_shops,
          nicolae_shop_peninsula, chequers_serial_rivers_micro_d
D:2:      layout_loops_corners, kennysheep_nondescript, reono_crystal_passage,
          uniq_natasha
D:3:      layout_rooms, lemuel_crystal_altar, serial_co_window_serial,
          co_window_paths_b, co_window_paths_a, co_window_paths_b,
          co_window_of_opportunity_a, co_window_of_opportunity_a,
          co_window_paths_a, co_window_paths_b, co_window_paths_a,
          co_window_corner_a, co_window_unsneaky_path_c,
          co_window_of_opportunity_b, co_window_of_opportunity_b,
          co_window_2corner, co_window_sun, grunt_decor_cap, uniq_jessica
D:4:      layout_loops_ring, uniq_ijyb, uniq_grinder
D:5:      layout_loops_cross, gammafunk_ghost_split, kennysheep_generic_room_16
D:6:      layout_loops_corners, minmay_temple_entry_trees, grunt_ministairs_12,
          minmay_strange_pillars, serial_library_hellmonk_hallway_b,
          kennysheep_cross_room, uniq_edmund, uniq_crazy_yiuf_cottage,
          uniq_sigmund

Skill      XL: |  1  2  3  4  5  6  7  8 |
---------------+-------------------------+-----
Dodging        | 1 2 3 |  3.7
Armour         | 2 3 4 |  4.1
Polearms       | 1 2 3 |  3.4
Spellcasting   | 1 2 |  2.1
Stealth        | 1 2 |  2.3
Axes           | 4 5 |  5.3
Fighting       | 4 5 |  5.1
Evocations     | 1 2 |  2.6
Necromancy     | |  0.8

Action                     |  1- 3 |  4- 6 |  7- 9 || total
---------------------------+-------+-------+-------++-------
  Melee: Hand axe          |    73 |    77 |   136 ||   286
         Dagger            |    66 |    12 |       ||    78
         Spear             |       |    74 |   158 ||   232
    Use: Potion            |       |     2 |     6 ||     8
         Scroll            |       |       |    20 ||    20
   Stab: Confused          |     1 |     2 |    11 ||    14
         Sleeping          |     1 |     3 |     1 ||     5
         Paralysed         |     1 |       |     4 ||     5
 Armour: Leather armour    |    49 |    65 |    34 ||   148
         Scale mail        |       |       |    47 ||    47
  Dodge: Dodged            |    48 |    53 |    61 ||   162

Table legend: (Time is in decaauts)
 A = Elapsed time spent in this place.
 B = Non-inter-level travel time spent in this place.
 C = Inter-level travel time spent in this place.
 D = Time resting spent in this place.
 E = Time spent auto-exploring this place.
 F = Levels seen in this place.
 G = Mean time per level.
                   A        B        C        D        E       F      G
               +--------+--------+--------+--------+--------+-----+--------+
         Total |   4843 |   4556 |    287 |     67 |   3704 |   6 |  807.2 |
       Dungeon |   4843 |   4556 |    287 |     67 |   3704 |   6 |  807.2 |
               +--------+--------+--------+--------+--------+-----+--------+

Top non-repeatable levels by time:
     D:2: 1109 daAuts
     D:3: 1031 daAuts
     D:4: 872 daAuts
     D:1: 782 daAuts
     D:5: 736 daAuts
     D:6: 311 daAuts
